AoeStats
← 军军

Arabia

510041680Analyzed
1v1 RM · 4d ago on Sep 29, 2026· 23m 50s· 2 players
Game mode
Random Map
Map size
Tiny (2 player)
Population
200
Speed
Normal
Resources
Standard
Victory
Conquest
Starting age
Dark Age
Ending age
Imperial Age
RankedLock teamsTeams togetherTeam positionsShared explorationLock speedFull tech treeHidden civsTurbo modeCheats
Victory
Defeat
🇨🇳 Cumans · China
830
+14
🇳🇿 Inca · New Zealand
789
-14
chingyflur
3:20 Loom
10:39 Feudal Age
11:27 Double-Bit Axe
13:11 Wheelbarrow
15:04 Champi Runner
军军
8:56 Loom
11:20 Feudal Age
13:02 Wheelbarrow
12:10 Horse Collar
12:16 Double-Bit Axe
13:08 Man-at-Arms
15:08 Scale Mail Armor
15:57 Forging
20:50 Bloodlines
Connection lost

Rejoining the realm…

Still unreachable

The connection could not be restored.

Session expired

The server has moved on; the page needs a fresh start.